AoeStats
← Undead

Arabia

509150559Analyzed
3v3 RM · 6d ago on Sep 25, 2026· 25m 13s· 6 players
Game mode
Random Map
Map size
Normal (6 player)
Population
200
Speed
Normal
Resources
Standard
Victory
Conquest
Starting age
Dark Age
Ending age
Imperial Age
RankedLock teamsTeams togetherTeam positionsShared explorationLock speedFull tech treeHidden civsTurbo modeCheats
Victory
Defeat
🇨🇿 Goths · Czechia
1201
+14
🇺🇸 Varangians · United States
1193
+15
🇲🇹 Celts · Malta
1133
+17
🇮🇳 Vietnamese · India
1403
-24
🇮🇳 Franks · India
1116
-31
🇮🇳 Turks · India
977
-27
Undead
7:25 Loom
9:49 Feudal Age
10:36 Double-Bit Axe
11:07 Horse Collar
15:58 Gold Mining
16:09 Fletching
18:01 Padded Archer Armor
27:09 Castle Age
Degenereat Potato
11:18 Feudal Age
11:56 Double-Bit Axe
11:54 Horse Collar
20:04 Scale Barding Armor
21:37 Bloodlines
24:31 Castle Age
25:15 Forging
Pocarus
5:27 Loom
10:22 Feudal Age
13:00 Double-Bit Axe
18:42 Forging
24:03 Castle Age
23:25 Scale Mail Armor
23:30 Scale Barding Armor
24:31 Crossbowman
TheBluePony
5:53 Loom
9:14 Feudal Age
9:53 Double-Bit Axe
10:31 Horse Collar
15:35 Scale Barding Armor
17:43 Bloodlines
18:00 Forging
20:59 Wheelbarrow
23:33 Castle Age
vyshi77
6:39 Loom
6:47 Loom
9:16 Feudal Age
17:24 Castle Age
15:57 Double-Bit Axe
16:26 Horse Collar
18:04 Wheelbarrow
18:13 Man-at-Arms
19:34 Squires
20:07 Long Swordsman
23:00 Scale Mail Armor
24:13 Chain Mail Armor
JuLi4n00
6:04 Loom
9:38 Feudal Age
12:32 Fletching
12:42 Padded Archer Armor
13:17 Double-Bit Axe
14:39 Horse Collar
15:39 Wheelbarrow
24:36 Castle Age
23:39 Gold Mining
23:39 Stone Mining
24:48 Crossbowman
25:24 Bodkin Arrow
25:45 Leather Archer Armor
Connection lost

Rejoining the realm…

Still unreachable

The connection could not be restored.

Session expired

The server has moved on; the page needs a fresh start.